 Dungeon Crawl Stone Soup version 0.30-b1-2-g02819fbbbe (webtiles) character file.

Game seed: 13624280255922817826

268 HumbleHazard the Chiller (level 6, -2/32 HPs)
             Began as a Deep Elf Ice Elementalist on Nov 5, 2023.
             Succumbed to a scorpion's poison
             ... on level 4 of the Dungeon.
             The game lasted 00:13:05 (3188 turns).

HumbleHazard the Chiller (DEIE)                     Turns: 3188, Time: 00:13:06

Health: -2/32      AC:  4    Str:  5    XL:     6   Next: 1%
Magic:  8/16       EV: 12    Int: 22    God:
Gold:   186        SH:  0    Dex: 15    Spells: 14/16 levels left

rFire   . . .        f - +0 dagger
rCold   . . .        (no shield)
rNeg    . . .        a - +0 robe
rPois   +            (no helmet)
rElec   .            g - +0 cloak
rCorr   .            n - +0 pair of gloves
SInv    .            (no boots)
Will    .....        s - amulet of the acrobat
Stlth   ++           e - ring of wizardry
HPRegen 0.25/turn    k - ring of poison resistance
MPRegen 0.15/turn

%: acrobat, wizardry (x1)
@: lethally poisoned (-2 -> -26), invisible
A: no striking features
a: no special abilities


You were on level 4 of the Dungeon.
You visited 1 branch of the dungeon, and saw 4 of its levels.

You collected 186 gold pieces.

Inventory:

Hand Weapons
 f - a +0 dagger (weapon)
Armour
 a - a +0 robe (worn)
 g - a +0 cloak (worn)
 n - a +0 pair of gloves (worn)
Jewellery
 e - a ring of wizardry (left hand)
 k - a ring of poison resistance (right hand)
 m - an amulet of faith
 s - an amulet of the acrobat (around neck)
Scrolls
 c - 7 scrolls of identify
 d - 4 scrolls of magic mapping
 i - a scroll of noise
 j - a scroll of poison
 l - a scroll of teleportation
Potions
 b - a potion of magic
 o - a potion of ambrosia
 p - a potion of resistance
 q - a potion of flight {unknown}
 r - a potion of berserk rage {unknown}
 t - a potion of curing {unknown}


   Skills:
 - Level 2.4 Dodging
 - Level 2.4 Stealth
 + Level 5.7 Spellcasting
 + Level 2.8 Summonings
 + Level 6.0 Ice Magic


You had 14 spell levels left.
You knew the following spells:

 Your Spells              Type           Power      Damage    Failure   Level
a - Freeze                Ice            100%       1d10      1%          1
b - Summon Small Mammal   Summ           76%        N/A       1%          1

Your spell library contained the following spells:

 Spells                   Type           Power      Damage    Failure   Level
 Frozen Ramparts          Ice            64%        1d10      1%          3
 Ozocubu's Armour         Ice            32%        N/A       1%          3
 Call Canine Familiar     Summ           19%        N/A       3%          3
 Summon Guardian Golem    Hex/Summ       12%        N/A       6%          3
 Summon Ice Beast         Ice/Summ       26%        N/A       6%          4


Dungeon Overview and Level Annotations

Branches:
Dungeon (4/15)
 Temple: D:4-7

Altars:
Okawaru


Message History

Your rat is splashed with acid.
Your rat dies!
Your rat's corpse disappears in a puff of smoke!
Casting: Freeze (safe; 1% risk of failure)
Confirm with . or Enter, or press ? or * to list all spells.
Aiming: Freeze (safe; 1% risk of failure)
Press: ? - help, Shift-Dir - straight line, f/p - phantom
Aim: a phantom (moderately damaged, ally target)
You freeze the phantom.
The phantom resists.
The phantom is moderately damaged.
The scorpion completely misses you. The scorpion stings you.
The phantom hits you but does no damage.
The jelly closely misses your quokka.
As you read the scroll of teleportation, it crumbles to dust.
You feel strangely unstable.
Your quokka completely misses the phantom.
The scorpion stings you!
You are lethally poisoned!
The scorpion poisons you!
The jelly hits your quokka but does no damage.
The phantom barely misses you.
Okay, then.
Unknown command.
Casting: Freeze (safe; 1% risk of failure)
Confirm with . or Enter, or press ? or * to list all spells.
* * * LOW HITPOINT WARNING * * *
You feel very sick.
Your quokka bites the phantom but does no damage.
The scorpion stings you.
* * * LOW HITPOINT WARNING * * *
You are more poisoned.
The scorpion poisons you!
The phantom hits you but does no damage.
The jelly hits your quokka.
Your quokka is splashed with acid.
The acid corrodes your quokka!
Your quokka dies!
Your quokka's corpse disappears in a puff of smoke!
You fade into invisibility!
Your surroundings suddenly seem different.
You die... ..#...# #.#............. ..#..# #.#.....##.♣.♣.♣ 8.'# #.#....##....._. .†#.# #.#........♣.♣.♣ J.# .# #............... 8s+

.. ###.##.....#.♣)♣ .r# ##
#............... ### ##
##########..#...##.......
######.##.......@...#.....####.#.
#......<..............#.....# ...
#.#...................#.....# ...
###................##.##.## ..#
#................##..###
#....#.......##..#.....#
...###.......###.#.....# .(..
#.......##.....#.## ....
#.........#...#####


There were no monsters in sight!

Vanquished Creatures
  2 orc wizards (D:4)
  5 adders
  2 dart slugs (D:1)
  10 orcs (D:4)
  4 bats
  3 endoplasms
  3 giant cockroaches
  2 goblins
  5 hobgoblins
  5 kobolds
  3 quokkas
  13 ball pythons
  5 frilled lizards
  7 rats
69 creatures vanquished.

Vanquished Creatures (collateral kills)
  An ogre (D:4)
  An orc (D:4)
  An endoplasm (D:4)
3 creatures vanquished.

Grand Total: 72 creatures vanquished

Notes
Turn   | Place    | Note
-------+----------+-------------------------------------------
     0 | D:1      | HumbleHazard the Deep Elf Ice Elementalist began the quest
                  | for the Orb.
     0 | D:1      | Reached XP level 1. HP: 10/10 MP: 6/6
   387 | D:1      | Reached XP level 2. HP: 15/15 MP: 4/8
   990 | D:1      | Reached XP level 3. HP: 19/19 MP: 8/10
  1043 | D:1      | Reached skill level 5 in Ice Magic
  1295 | D:2      | Learned a level 1 spell: Summon Small Mammal
  2469 | D:4      | Found an iron altar of Okawaru.
  2505 | D:4      | Reached skill level 1 in Summonings
  2505 | D:4      | Reached XP level 4. HP: 24/24 MP: 9/12
  2584 | D:4      | Noticed an ogre
  2602 | D:4      | Killed an ogre
  2603 | D:4      | Reached skill level 5 in Spellcasting
  2603 | D:4      | Reached XP level 5. HP: 28/28 MP: 6/14
  2845 | D:4      | Reached skill level 6 in Ice Magic
  3127 | D:4      | Reached XP level 6. HP: 28/32 MP: 14/16
  3188 | D:4      | Succumbed to a scorpion's poison

Illustrated notes

Levels and vault maps discovered:
D:1:      wander_arrival_abandoned_jail, layout_basic
D:2:      layout_rooms
D:3:      layout_loops_ring, minmay_misc_feat_diagonals
D:4:      minmay_chambers_of_threes, layout_cave_pools, okawaru_trees_1,
          lightli_corner_chamber, uniq_eustachio

Skill      XL: |  1  2  3  4  5 |
---------------+----------------+-----
Spellcasting   | 4 5 |  5.7
Ice Magic      | 5 6 |  6.0
Summonings     | 1 2 |  2.8
Dodging        | |  2.4
Stealth        | |  2.4

Action                     |  1- 3 |  4- 6 || total
---------------------------+-------+-------++-------
  Melee: Dagger            |     5 |     9 ||    14
   Cast: Freeze            |    72 |    45 ||   117
         Summon Small Mamm |     2 |    16 ||    18
    Use: Scroll            |     8 |     1 ||     9
         Potion            |       |     1 ||     1
   Stab: Distracted        |       |     1 ||     1
 Armour: Robe              |    10 |    11 ||    21
  Dodge: Dodged            |    33 |    33 ||    66
